 Dungeon Crawl Stone Soup version 0.14.2 (webtiles) character file.

53 errolflynn the Skirmisher (level 3, 0/30 HPs)
             Began as a Demonspawn Abyssal Knight on Dec 30, 2018.
             Was a Believer of Lugonu.
             Slain by a hobgoblin
             ... wielding a +0,+0 club
              (2 damage)
             ... on Level 1 of the Dungeon.
             The game lasted 00:10:31 (660 turns).

errolflynn the Skirmisher (DsAK)                     Turns: 660, Time: 00:10:36

HP   0/30        AC  3     Str 13      XL: 3   Next:  5%
MP   4/4         EV 10     Int 13      God: Lugonu [**....]
Gold 23          SH  0     Dex 12      Spells:  0 memorised,  2 levels left

rFire  . . .     SeeInvis .     a - +1 short sword
rCold  . . .     Clarity  .     b - +0 leather armour
rNeg   . . .     Conserve .     (no shield)
rPois  .         rCorr    .     (no helmet)
rElec  .         rRot     +     (no cloak)
SustAb . .       Spirit   .     (no gloves)
rMut   .         Warding  .     (no boots)
Saprov + . .     Stasis   .     (no amulet)
MR     .....                    (no ring)
                                (no ring)

@: not resistant to hostile enchantments, very unstealthy
A: foul stench 1, saprovore 1
a: Depart the Abyss, Bend Space, Renounce Religion


You were on level 1 of the Dungeon.
You worshipped Lugonu.
Lugonu was pleased with you.
You were not hungry.

You visited 1 branch of the dungeon, and saw 1 of its levels.
You visited the Abyss 1 time.

You collected 23 gold pieces.

Inventory:

Hand weapons
 a - a +1,+1 short sword (weapon)
 e - a +0,+0 short sword
 i - a +0,+0 spear
 j - a +2,+2 dagger
 o - a +0,+0 whip
Missiles
 p - 2 exploding darts (quivered)
Armour
 b - a +0 leather armour (worn)
 f - a +0 ring mail
 n - a +0 shield
 q - a +0 ring mail
Comestibles
 c - 2 bread rations
 h - an apricot
Scrolls
 d - a scroll of immolation {unknown}
 k - a scroll of remove curse {unknown}
 l - 2 scrolls of identify {unknown}
Jewellery
 s - an uncursed ring of poison resistance {unknown}
Potions
 g - a potion of heal wounds {unknown}
 m - a potion of paralysis {unknown}
 r - a potion of curing {unknown}


   Skills:
 + Level 3.7 Fighting
 + Level 2.0 Short Blades
 + Level 2.0 Armour
 + Level 1.1 Dodging
 + Level 2.5 Invocations


You had 2 spell levels left.
You didn't know any spells.

Dungeon Overview and Level Annotations

Branches:
Dungeon (1/15)

Altars:


Innate Abilities, Weirdness & Mutations

You emit a foul stench, and are resistant to rotting and decay.
You can tolerate rotten meat.


Message History

The goblin is moderately wounded.
The goblin hits you with a club.
* * * LOW HITPOINT WARNING * * *
The rat bites you but does no damage.
You closely miss the goblin.
The goblin is moderately wounded.
The hobgoblin hits you but does no damage.
The goblin barely misses you. The rat bites you but does no damage.
You hit the goblin.
The goblin is moderately wounded.
The rat closely misses you. The hobgoblin hits you with a club.
* * * LOW HITPOINT WARNING * * *
The goblin hits you but does no damage.
You hit the goblin.
The goblin is severely wounded.
The rat bites you.
* * * LOW HITPOINT WARNING * * *
The goblin hits you but does no damage.
The goblin looks sick.
The hobgoblin hits you with a club.
You die...

.........#.#>#.#.#.
....................%
............#.#.#.#.#.
.......................
.........######.#.#.#.#.
.........# #####.....
.........####### #.....
#...............####.....
#.......@r...............
#...?..gg................
.......####.#######.....
....... #.# #..###
....... #.# #..# # ......
#.# ##..### ..... ...
....... .... ..! .......
# #.# ##..###


You could see a hobgoblin, a goblin and a rat.

Vanquished Creatures
  A gnoll (D:1)
  2 giant geckos (D:1)
  An ooze (D:1)
  3 bats (D:1)
  A giant cockroach (D:1)
  3 kobolds (D:1)
  5 goblins (D:1)
  4 rats (D:1)
20 creatures vanquished.

Vanquished Creatures (others)
  A goblin (D:1)
1 creature vanquished.

Grand Total: 21 creatures vanquished

Notes
Turn   | Place    | Note
--------------------------------------------------------------
     0 | Abyss:1  | errolflynn, the Demonspawn Abyssal Knight, began the quest for the Orb.
     0 | Abyss:1  | Reached XP level 1. HP: 18/18 MP: 1/1
    19 | D:1      | Escaped the Abyss
   120 | D:1      | Gained mutation: You can tolerate rotten meat. [demonic ancestry]
   120 | D:1      | Reached XP level 2. HP: 10/24 MP: 2/2
   240 | D:1      | Reached skill level 1 in Dodging
   556 | D:1      | Acquired Lugonu's second power
   556 | D:1      | Gained mutation: You emit a foul stench, and are resistant to rotting and decay. [demonic ancestry]
   556 | D:1      | Reached XP level 3. HP: 6/30 MP: 4/4
   660 | D:1      | Slain by a hobgoblin

Action                   || total
-------------------------++-------
Melee: Short sword       ||    81
